 Dungeon Crawl Stone Soup version 0.32-a0-616-g9348d4545b (webtiles) character file.

Game seed: 3579813388953298232

66 dialectric the Sneak (level 4, 0/34 HPs)
             Began as a Coglin Brigand on Mar 5, 2024.
             Slain by a goblin
             ... wielding a +0 dagger
             ... led by Robin
              (5 damage)
             ... on level 2 of the Dungeon.
             The game lasted 00:01:08 (958 turns).

dialectric the Sneak (Coglin Brigand)                Turns: 958, Time: 00:01:08

Health: 0/34       AC:  3    Str: 13    XL:     4   Next: 15%
Magic:  4/4        EV: 12    Int: 10    God:
Gold:   85         SH:  0    Dex: 16    Spells: 3/3 levels left

rFire   . . .        a - +2 dagger {Demetirus}
rCold   . . .        f - +0 dagger {Minoru}
rNeg    . . .        b - +0 robe
rPois   .            (no helmet)
rElec   .            c - +0 cloak
rCorr   .            (no gloves)
SInv    .            (no boots)
Will    .....        (amulet unavailable)
Stlth   +++          (ring unavailable)
HPRegen 0.25/turn    (ring unavailable)
MPRegen 0.09/turn    (no gizmo)

%: no passive effects
@: revving
A: off-hand wielding, slow wielding, warmup strikes, no jewellery
a: Invent Gizmo


You were on level 2 of the Dungeon.
You visited 1 branch of the dungeon, and saw 2 of its levels.

You collected 85 gold pieces.

Inventory:

Hand Weapons
 a - a +2 dagger (weapon) {Demetirus}
 f - a +0 dagger (offhand) {Minoru}
Missiles
 d - 12 poisoned darts
 e - 3 curare-tipped darts (quivered)
Armour
 b - a +0 robe (worn)
 c - a +0 cloak (worn)
Scrolls
 g - 2 scrolls of teleportation {unknown}
 j - a scroll of fear {unknown}
Potions
 h - a potion of lignification {unknown}
 i - a potion of mutation {unknown}


   Skills:
 + Level 2.5 Fighting
 + Level 2.3 Short Blades
 + Level 2.3 Throwing
 + Level 1.7 Dodging
 + Level 3.6 Stealth


You had 3 spell levels left.
You didn't know any spells.
Your spell library was empty.

Dungeon Overview and Level Annotations

Branches:
Dungeon (2/15)

Altars:

Annotations:
D:2 Robin


Innate Abilities, Weirdness & Mutations

You can wield a second weapon in your off-hand.
It takes a long time for you to wield or remove held weapons.
Your first few attacks do less damage.
You cannot equip rings or amulets.


Message History

The ribbon worm is heavily wounded.
You hit the ribbon worm with your +0 dagger.
The ribbon worm bites you but does no damage.
You hit the ribbon worm with your +0 dagger.
The ribbon worm is severely wounded.
You hit the ribbon worm with your +2 dagger.
The ribbon worm misses you.
You hit the ribbon worm but do no damage.
The ribbon worm is almost dead.
You hit the ribbon worm with your +2 dagger.
You kill the ribbon worm! 3 goblins and a hobgoblin come into view.
Found a fizzy brown potion.
Robin, 7 goblins and a ball python come into view.
A goblin is wielding a +2 dagger of electrocution.
The goblin shouts! x3; Robin shouts!
The hobgoblin shouts!
The ball python hisses angrily.
The goblin shouts! x2
The goblin shouts! x3
Robin says, "Bow before me, strongest of all the hobgoblins!"
The goblin unwields a +0 dagger.
The goblin wields a +0 sling.
The goblin shoots a sling bullet.
The sling bullet completely misses you. Robin throws the goblin at you!
The goblin unwields a +0 dagger.
The goblin wields a +0 sling.
The goblin shoots a sling bullet.
The sling bullet completely misses you.
The goblin hits you with a +2 dagger of electrocution.
The goblin shoots a sling bullet.
The sling bullet barely misses you.
The goblin shouts!
The goblin unwields a +0 club.
The goblin wields a +0 sling.
The goblin shoots a sling bullet.
The sling bullet closely misses you. The goblin misses you.
Robin throws the goblin at you! The goblin closely misses you.
There is an escape hatch in the ceiling here.
The goblin hits you with a +2 dagger of electrocution.
You are electrocuted!!
Ouch! That really hurt!
* * * LOW HITPOINT WARNING * * *
Robin roars a battlecry!
The goblins go into a battle-frenzy!
The goblin hits you with a +0 dagger.
You die...

####### .. ......... #..
......... ...
........#+##.#
......S......
.....g.....#
...ggg.g.gg#
....gg.g.@.# #
#......gg.....#.#.
#.##....##........
#.##... #.........
#####.### #..........
........######......###.
....................#
........#...........#
........#.##..........


You could see Robin, a hobgoblin (strong), 10 goblins and a ball python.

Vanquished Creatures
  2 adders (D:2)
  A dart slug (D:1)
  A ribbon worm (D:2)
  4 ball pythons (D:1)
  7 bats
  An endoplasm (D:2)
  4 giant cockroaches
  3 goblins
  2 hobgoblins
  4 jackals (D:2)
  6 frilled lizards
  4 kobolds (D:2)
  4 rats
43 creatures vanquished.

Notes
Turn   | Place    | Note
-------+----------+-------------------------------------------
     0 | D:1      | dialectric the Coglin Brigand began the quest for the Orb.
     0 | D:1      | Reached XP level 1. HP: 16/16 MP: 1/1
    62 | D:1      | Reached skill level 1 in Dodging
   101 | D:1      | Reached XP level 2. HP: 22/22 MP: 2/2
   569 | D:2      | Reached XP level 3. HP: 27/27 MP: 3/3
   700 | D:2      | Reached XP level 4. HP: 29/34 MP: 4/4
   954 | D:2      | Noticed Robin
   958 | D:2      | Slain by a goblin

Illustrated notes

Levels and vault maps discovered:
D:1:      lightli_arrival_flooded_house, layout_loops_cross
D:2:      layout_basic, basic_altar, minmay_circle_x, uniq_robin

Skill      XL: |  1  2 |
---------------+-------+-----
Dodging        | 1 |  1.7
Throwing       | 2 |  2.3
Short Blades   | 2 |  2.3
Fighting       | |  2.5
Stealth        | |  3.6

Action                     |  1- 3 |  4- 6 || total
---------------------------+-------+-------++-------
  Melee: Dagger            |   142 |    22 ||   164
   Stab: Sleeping          |     7 |     1 ||     8
 Armour: Robe              |    35 |     8 ||    43
  Dodge: Dodged            |    60 |    11 ||    71

Table legend: (Time is in decaauts)
 A = Elapsed time spent in this place.
 B = Non-inter-level travel time spent in this place.
 C = Inter-level travel time spent in this place.
 D = Time resting spent in this place.
 E = Time spent auto-exploring this place.
 F = Levels seen in this place.
 G = Mean time per level.
                   A        B        C        D        E       F      G
               +--------+--------+--------+--------+--------+-----+--------+
         Total |    947 |    924 |     23 |      0 |    702 |   2 |  473.5 |
       Dungeon |    947 |    924 |     23 |      0 |    702 |   2 |  473.5 |
               +--------+--------+--------+--------+--------+-----+--------+

Top non-repeatable levels by time:
     D:1: 543 daAuts
     D:2: 404 daAuts
